 Dungeon Crawl Stone Soup version 0.31-a0-237-g2d982f9f85 (webtiles) character file.

Game seed: 7060093551971902558

298 qw the Shooter (level 6, -17/38 HPs)
             Began as a Gargoyle Hexslinger on July 11, 2023.
             Demolished by an ogre
             ... wielding a +0 giant club
              (28 damage)
             ... on level 4 of the Dungeon.
             The game lasted 00:01:07 (2826 turns).

qw the Shooter (Gargoyle Hexslinger)                Turns: 2826, Time: 00:01:08

Health: -17/38     AC: 12    Str: 18    XL:     6   Next: 36%
Magic:  7/7        EV: 11    Int: 13    God:
Gold:   205        SH:  0    Dex: 14    Spells: 6/7 levels left

rFire   . . .        Y - +1 sling
rCold   + . .        (no shield)
rNeg    + + .        b - +0 ring mail
rPois   inf          e - +2 helmet
rElec   +            (no cloak)
rCorr   +            (no gloves)
SInv    .            (no boots)
Will    .....        (no amulet)
Stlth   +            h - ring of positive energy
HPRegen 0.26/turn    c - ring "Ireczoj" {Fly rC+ rCorr Str+6}
MPRegen 0.10/turn

%: no passive effects
@: flying
A: sickness immunity, AC +4, negative energy resistance 1, electricity
resistance, torment resistance 1, petrification resistance
a: no special abilities


You were on level 4 of the Dungeon.
You visited 1 branch of the dungeon, and saw 4 of its levels.

You collected 205 gold pieces.


Innate Abilities, Weirdness & Mutations

You are immune to sickness and miasma.
Your stone body is resilient. (AC +4)
You are immune to poison.
You resist negative energy. (rN+)
You are resistant to electric shocks. (rElec)
You are resistant to unholy torment.
You are immune to petrification.


   Skills:
 - Level 4.0 Fighting
 + Level 5.1 Ranged Weapons
 - Level 1.3 Armour
 - Level 1.5 Dodging
 - Level 1.0 Spellcasting
 - Level 2.6 Hexes


You had 6 spell levels left.
You knew the following spells:

 Your Spells              Type           Power      Damage    Failure   Level
a - Slow                  Hex            28%        N/A       17%         1

Your spell library contained the following spells:

 Spells                   Type           Power      Damage    Failure   Level
 Inner Flame              Hex/Fire       4%         N/A       65%         3
 Portal Projectile        Hex/Tloc       8%         N/A       65%         3
 Cause Fear               Hex            3%         N/A       86%         4

Inventory:

Hand Weapons
 Y - a +1 sling (weapon)
Armour
 b - a +0 ring mail (worn)
 e - a +2 helmet (worn)
Jewellery
 c - the ring "Ireczoj" (right hand) {Fly rC+ rCorr Str+6}
   (You acquired it on level 3 of the Dungeon)

   [ring of strength]

   Str:       It affects your strength (+6).
   rC:        It protects you from cold.
   Fly:       It grants you flight.
   rCorr:     It protects you from acid and corrosion.
 h - a ring of positive energy (left hand)
Scrolls
 a - a scroll of identify
Potions
 d - a potion of mutation
 f - a potion of curing
 g - a potion of resistance {unknown}

Dungeon Overview and Level Annotations

Branches:
Dungeon (4/15)
 Temple: D:4-7

Altars:
Ru
Trog
Wu Jian

Shops:
D:1 [

Annotations:
D:3 3 runed translucent doors, qw's ghost, weakling GrHs


Message History

The ogre closely misses you.
You shoot a sling bullet.
The sling bullet barely misses the ogre.
The ogre misses you.
You shoot a sling bullet. The sling bullet hits the ogre.
The ogre is lightly wounded.
The ogre hits you with a +0 giant club!
You shoot a sling bullet.
The sling bullet hits the ogre but does no damage.
The ogre is lightly wounded.
You shoot a sling bullet. The sling bullet hits the ogre!
The ogre is moderately wounded.
The ogre completely misses you.
You shoot a sling bullet.
The sling bullet hits the ogre but does no damage.
The ogre is moderately wounded.
The ogre hits you with a +0 giant club.
You shoot a sling bullet. The sling bullet hits the ogre.
The ogre is heavily wounded.
The ogre hits you but does no damage.
You shoot a sling bullet.
The sling bullet barely misses the ogre.
The ogre misses you.
You shoot a sling bullet. The sling bullet hits the ogre.
The ogre is heavily wounded.
The ogre hits you with a +0 giant club!!
You shoot a sling bullet. The sling bullet hits the ogre.
The ogre is heavily wounded.
You shoot a sling bullet.
The sling bullet hits the ogre but does no damage.
The ogre is heavily wounded.
The ogre barely misses you.
You shoot a sling bullet. The sling bullet hits the ogre.
The ogre is severely wounded.
The ogre barely misses you.
You shoot a sling bullet. The sling bullet hits the ogre.
The ogre is almost dead.
The ogre hits you with a +0 giant club!!
Ouch! That really hurt!
You die...

#.........
.........
.........
..........
#####.........
#..)#.........
#..gO)........
#@.?.....#
#####......##
#.........##
#####<.....#
##..##.#
##..## ..
#...# . ##..##
#..##


You could see an ogre and a goblin.

Vanquished Creatures
  A water moccasin (D:3)
  Jessica (D:2)
  3 gnolls (D:2)
  8 adders
  2 worms
  A dart slug (D:1)
  An orc (D:3)
  4 endoplasms
  11 goblins
  5 hobgoblins
  2 jackals (D:1)
  3 kobolds
  A quokka (D:1)
  9 ball pythons
  6 bats
  4 frilled lizards
  3 rats
65 creatures vanquished.

Notes
Turn   | Place    | Note
-------+----------+-------------------------------------------
     0 | D:1      | qw the Gargoyle Hexslinger began the quest for the Orb.
     0 | D:1      | Reached XP level 1. HP: 12/12 MP: 2/2
     0 | D:1      | 0 ||| qw: Version: 0.3-a-52-g30416fa
     0 | D:1      | 0 ||| qw: Game counter: 5662
     0 | D:1      | 0 ||| qw: Melee chars always use a shield: true
     0 | D:1      | 0 ||| qw: God list: Okawaru
     0 | D:1      | 0 ||| qw: Allow faded altars: false
     0 | D:1      | 0 ||| qw: Do Orc after clearing Dungeon:15 true
     0 | D:1      | 0 ||| qw: Do second Lair branch before Depths: true
     0 | D:1      | 0 ||| qw: Lair rune preference: random
     0 | D:1      | 0 ||| qw: Goals: Normal
     0 | D:1      | 0 ||| PLANNING D:1-11
   111 | D:1      | Found Kileatim's Antique Armour Shop.
   120 | D:1      | 120 ||| SHOPLISTING glowing leather armour (140 gold, have
                  | 69).
   120 | D:1      | 120 ||| SHOPLISTING pair of gloves (126 gold, have 69).
   120 | D:1      | 120 ||| SHOPLISTING ring mail (112 gold, have 69).
   152 | D:1      | Reached XP level 2. HP: 16/16 MP: 3/3
   159 | D:1      | HP: 3/16 [goblin/+0 club (4)]
   164 | D:1      | HP: 3/16 [goblin/+0 club (1)]
   166 | D:1      | HP: 1/16 [goblin/+0 club (2)]
   171 | D:1      | Reached skill level 3 in Ranged Weapons
   406 | D:1      | Reached XP level 3. HP: 20/21 MP: 4/4
   466 | D:1      | Found a faded altar of an unknown god.
   602 | D:1      | 602 ||| READING 2 scrolls labelled ZAROIMMUBU.
   603 | D:1      | 603 ||| READING scroll labelled QAKHLY FITSUAXZIC.
   604 | D:1      | 604 ||| DROPPING scroll of poison.
   798 | D:2      | Reached XP level 4. HP: 16/26 MP: 5/5
   803 | D:2      | HP: 4/26 [gnoll/+0 spear (5)]
   806 | D:2      | Reached skill level 4 in Ranged Weapons
   927 | D:2      | Noticed Jessica
   936 | D:2      | HP: 6/26 [Jessica/nerve-wracking pain (2)]
   937 | D:2      | Killed Jessica
  1282 | D:2      | Found a bloodstained altar of Trog.
  1490 | D:2      | 1490 ||| UPGRADING to +0 ring mail.
  1500 | D:2      | 1500 ||| DROPPING +0 robe.
  1501 | D:2      | 1501 ||| READING scroll labelled POMUEXO HYGYM.
  1502 | D:2      | 1502 ||| READING 2 scrolls of identify.
  1502 | D:2      | 1502 ||| IDENTIFYING bubbling purple potion
  1540 | D:3      | 1540 ||| STAIRDANCE
  1615 | D:3      | Reached skill level 1 in Armour
  1615 | D:3      | Reached XP level 5. HP: 29/30 MP: 6/6
  1829 | D:3      | Found a runed translucent gate.
  1829 | D:3      | Found a runed translucent gate.
  1829 | D:3      | Found a runed translucent gate.
  1833 | D:3      | Noticed qw's ghost (weakling GrHs)
  1852 | D:3      | Found an ornate altar of the Wu Jian Council.
  2060 | D:3      | Reached skill level 5 in Ranged Weapons
  2097 | D:3      | 2097 ||| FLEEEEING.
  2172 | D:3      | Noticed a water moccasin
  2190 | D:3      | HP: 7/31 [water moccasin (7)]
  2191 | D:3      | Killed a water moccasin
  2192 | D:3      | Reached XP level 6. HP: 9/38 MP: 7/7
  2687 | D:3      | Found a sacrificial altar of Ru.
  2734 | D:3      | 2734 ||| UPGRADING to +2 helmet.
  2739 | D:3      | 2739 ||| UPGRADING to ring of positive energy.
  2740 | D:3      | 2740 ||| READING scroll labelled QIANEO BOOM.
  2740 | D:3      | Identified a scroll of acquirement
  2740 | D:3      | 2740 ||| ACQUIRING ring "Ireczoj" {Fly rC+ rCorr Str+6}
  2740 | D:3      | Acquired the ring "Ireczoj" {Fly rC+ rCorr Str+6}
  2742 | D:3      | 2742 ||| UPGRADING to ring "Ireczoj" {Fly rC+ rCorr Str+6}.
  2743 | D:3      | 2743 ||| READING 2 scrolls of identify.
  2743 | D:3      | 2743 ||| IDENTIFYING metallic pink potion
  2826 | D:4      | Demolished by an ogre

Levels and vault maps discovered:
D:1:      dpeg_arrival_water_temple_mockup, layout_basic, serial_shops, shop,
          shapermc_ecumenical_altar_rom_forum, minmay_misc_feat_x
D:2:      layout_basic, basic_altar, serial_park_tiny_1,
          hangedman_feature_mirror, uniq_jessica
D:3:      layout_loops_corners, lemuel_coloured_pillars_altar,
          pdpol_wu_jian_five_deadly_venoms, gammafunk_ghost_necromancy
D:4:      gammafunk_cloud_chamber, layout_cave_pods, minmay_misc_feat_plants,
          corexii_item_surrounded_by_moat, kennysheep_donut,
          minmay_ogre_servants

Skill      XL: |  1  2  3  4  5 |
---------------+----------------+-----
Ranged Weapons | 3 4 5 |  5.1
Fighting       | 2 4 |  4.0
Armour         | 1 |  1.3
Dodging        | |  1.5
Spellcasting   | |  1.0
Hexes          | |  2.6

Action                     |  1- 3 |  4- 6 || total
---------------------------+-------+-------++-------
   Fire: Sling             |    96 |   197 ||   293
    Use: Scroll            |     2 |     4 ||     6
 Armour: Robe              |    16 |     1 ||    17
         Ring mail         |       |    84 ||    84
  Dodge: Dodged            |    37 |   107 ||   144

Table legend:
 A = Non-vault XP
 B = Vault XP
 C = Vault XP percentage of total XP
 D = Non-vault monster count
 E = Vault monster count
 F = Vault count percentage of total count
                 A         B        C        D         E       F
            +---------+---------+-------+---------+---------+-------
      Total |     380 |      47 |  11.0 |      59 |       6 |   9.2
            +---------+---------+-------+---------+---------+-------
        D:1 |      43 |       0 |   0.0 |      25 |       0 |   0.0
        D:2 |      82 |      37 |  31.1 |      11 |       1 |   8.3
        D:3 |     255 |       0 |   0.0 |      23 |       0 |   0.0
        D:4 |       0 |      10 | 100.0 |       0 |       5 | 100.0
            +---------+---------+-------+---------+---------+-------
